 Dungeon Crawl Stone Soup version 0.18-a0-481-g9a22f0c (webtiles) character file.

318 Proton the Shield-Bearer (level 6, -8/49 HPs)
             Began as a Formicid Fighter on Dec 2, 2015.
             Killed by divine providence
             ... invoked by an orc priest
              (12 damage)
             ... on level 3 of the Dungeon.
             The game lasted 00:06:27 (2794 turns).

Proton the Shield-Bearer (Formicid Fighter)         Turns: 2794, Time: 00:06:27

Health: -8/49      AC:  9    Str: 22    XL:     6   Next: 74%
Magic:  6/6        EV:  9    Int:  8    God:
Gold:   110        SH: 10    Dex: 10    Spells: 0 memorised, 5 levels left

rFire  + . .     SeeInvis +     p - -3 hand axe (curse)
rCold  . . .     Clarity  .     b - +0 scale mail
rNeg   . . .     SustAt   .     c - +0 shield
rPois  +         Gourm    .     (helmet unavailable)
rElec  .         Spirit   .     n - +1 cloak {rPois}
rCorr  .         Dismiss  .     (no gloves)
rMut   .         Stasis   +     (no boots)
MR     .....                    (no amulet)
Stlth  ..........               (no ring)
                                q - ring of protection from fire

@: not resistant to hostile enchantments, extremely unstealthy
A: permanent stasis, dig shafts and tunnels, four strong arms, antennae 3
a: Dig, Shaft Self


You were on level 3 of the Dungeon.
You were hungry.

You visited 1 branch of the dungeon, and saw 4 of its levels.

You collected 110 gold pieces.

Inventory:

Hand Weapons
 a - a +0 war axe
 p - a cursed -3 hand axe (weapon)
Armour
 b - a +0 scale mail (worn)
 c - a +0 shield (worn)
 n - a +1 cloak of poison resistance (worn)
Jewellery
 q - a ring of protection from fire (left hand)
Scrolls
 f - a scroll of recharging {unknown}
 h - 2 scrolls of random uselessness {unknown}
 k - 3 scrolls of identify {unknown}
 m - a scroll of teleportation {unknown}
Potions
 d - a potion of might
 e - a potion of flight {unknown}
 i - 2 potions of magic {unknown}
 j - a potion of mutation {unknown}
 l - a potion of cancellation {unknown}
Comestibles
 g - 2 beef jerkies


   Skills:
 + Level 4.7 Fighting
 + Level 3.3 Axes
 + Level 4.1 Armour
 + Level 2.5 Dodging
 + Level 4.8 Shields


You had 5 spell levels left.
You didn't know any spells.

Dungeon Overview and Level Annotations

Branches:
Dungeon (4/15)
 Temple: D:4-7

Altars:
Ashenzari
Fedhas
Qazlal
Trog
Vehumet
The Shining One


Innate Abilities, Weirdness & Mutations

You are under a permanent stasis effect.
You can dig through walls and to a lower floor.
Your four strong arms can wield two-handed weapons with a shield.
You have a pair of large antennae on your head (SInv).


Message History

The quokka skeleton barely misses you.
There is a stone staircase leading up here.
Things that are here:
a hand axe; an orc corpse You block the ball python's attack.
The ball python barely misses you. The hound bites you.
* * * LOW HITPOINT WARNING * * *
You block the orc priest's attack. x2
The ball python barely misses you. x2
The quokka skeleton bites you.
* * * LOW HITPOINT WARNING * * *
You climb upwards.
There is a stone staircase leading down here.
You closely miss the ball python.
The ball python is almost dead.
You hit the orc priest.
The orc priest is lightly wounded.
The orc priest mumbles some strange prayers to Beogh against you.
Something smites you!
You die...

##.#)####............# #.# #.#
#....))..>...........###.# #.#
##..#†#.##...........#.##.####.#
.....###..........##.##........#
##..#.#.##........#..#.#########
#..##.#######........## #..##.#
##.h.#.### #.†##.## ##S##.#
#..#...## #@##)# #......<####
#o##.# ##..........####o##.#
.........##.....#...#
........########.#### ......>##
#.# .....###########.#
÷................#
##################


You could see a hound, 2 orc priests and a ball python.

Vanquished Creatures
  A giant frog (D:3)
  Crazy Yiuf (D:2)
  An orc wizard (D:3)
  7 gnolls
  3 adders
  2 oozes
  2 worms (D:2)
  5 giant geckos
  7 orcs
  12 hobgoblins
  3 quokkas
  4 bats
  A giant cockroach (D:2)
  7 giant newts
  9 goblins
  8 jackals (D:1)
  3 kobolds
  10 rats
86 creatures vanquished.

Notes
Turn   | Place    | Note
--------------------------------------------------------------
     0 | D:1      | Proton the Formicid Fighter began the quest for the Orb.
     0 | D:1      | Reached XP level 1. HP: 18/18 MP: 1/1
   122 | D:1      | Reached XP level 2. HP: 22/24 MP: 2/2
   145 | D:1      | Reached skill level 1 in Dodging
   278 | D:1      | Reached XP level 3. HP: 24/29 MP: 3/3
   885 | D:2      | Found a stormy altar of Qazlal.
   893 | D:2      | Found a blossoming altar of Fedhas.
   896 | D:2      | Found a radiant altar of Vehumet.
   901 | D:2      | Found a shattered altar of Ashenzari.
   942 | D:2      | Reached XP level 4. HP: 37/37 MP: 4/4
  1009 | D:2      | Reached skill level 4 in Shields
  1608 | D:2      | Reached XP level 5. HP: 42/42 MP: 5/5
  1722 | D:2      | Noticed Crazy Yiuf
  1728 | D:2      | Killed Crazy Yiuf
  2031 | D:3      | Reached XP level 6. HP: 43/49 MP: 6/6
  2342 | D:3      | Found a bloodstained altar of Trog.
  2342 | D:3      | Found a glowing golden altar of the Shining One.
  2794 | D:3      | Killed from afar by an orc priest

Vault maps used:
D:1:      roderic_dead_forest
D:2:      grunt_temple_overflow_cloverleaf, uniq_crazy_yiuf_cottage
D:3:      gammafunk_temple_overflow_wave
D:4:      first_bread

Action                   |  1- 3 |  4- 6 || total
-------------------------+-------+-------++-------
Melee: War axe           |   101 |   129 ||   230
       Hand axe          |       |    58 ||    58
  Eat: Bread ration      |       |     1 ||     1
       Pizza             |       |     1 ||     1
